Map: Frozen Temple

Players

Magnus

  • Race: Terran Terran
  • League: Master

Miszu - Winner!

  • Race: Terran Terran
  • League: Master

VOD

Have the link to the VOD?

Description

Time

  • Played on: April 17, 2016, 3:27 p.m.
  • Length: 5:38
Show
View Real Time Build Order
Export as new Build Order

Magnus Terran 

Build Orders:  

Get SALT Encoding   

  12  0:00  SCV  
  13  0:12  SCV  
  14  0:17  Supply Depot  
  14  0:25  SCV  
  15  0:39  Barracks, SCV  
  16  0:44  Refinery  
  16  0:51  SCV  
  17  1:02  Barracks  
  17  1:03  SCV  
  18  1:15  SCV  
  19  1:19  Barracks  
  19  1:26  Reaper  
  19  1:30  Refinery  
  20  1:38  Supply Depot  
  20  1:50  Reaper  
  21  1:55  Orbital Command  
  21  2:03  Reaper  
  21  2:07  Reaper  
  23  2:14  Supply Depot  
  23  2:20  SCV  
  23  2:22  Reaper  
  25  2:35  Reaper  
  25  2:40  Reaper, SCV  
  27  2:52  SCV  
  27  2:54  Factory  
  28  3:00  Barracks Tech Lab  
  28  3:04  SCV  
  27  3:23  SCV  
  27  3:25  Marine, Stimpack  
  29  3:27  Barracks Reactor  
  29  3:31  Marine  
  29  3:32  Command Center  
  30  3:36  SCV  
  30  3:41  Widow Mine  
  31  3:42  Marine  
  31  3:48  SCV  
  35  3:52  Starport  
  35  3:56  Marine  
  35  4:00  SCV  
  35  4:02  Marine  
  38  4:07  Supply Depot  
  38  4:12  SCV  
  39  4:17  Supply Depot  
  39  4:24  Marine  
  39  4:25  Marine  
  39  4:28  Widow Mine  
  39  4:29  Marine  
  39  4:31  Marine  
  42  4:32  SCV  
  43  4:42  Marine x2  
  45  4:47  Marine, Medivac  
  45  4:48  SCV  
  45  4:49  Marine  
Show
View Real Time Build Order
Export as new Build Order

Miszu Terran - Winner!

Build Orders: Liberator Opening 

Get SALT Encoding   

  12  0:01  SCV  
  13  0:13  SCV  
  14  0:17  Supply Depot  
  14  0:25  SCV  
  14  0:27  Refinery  
  15  0:39  SCV  
  16  0:45  Barracks  
  16  0:51  SCV  
  17  1:03  SCV  
  18  1:07  Refinery  
  18  1:17  SCV  
  20  1:34  Factory, Marine  
  21  1:40  Orbital Command  
  21  1:46  Supply Depot  
  20  1:52  Reaper  
  21  2:06  SCV  
  21  2:11  Supply Depot  
  21  2:17  Hellion  
  21  2:21  SCV  
  24  2:24  Reaper  
  25  2:39  Hellion  
  25  2:41  Starport  
  25  2:43  SCV  
  28  2:55  Supply Depot  
  28  2:56  Reaper  
  29  3:04  Hellion  
  31  3:07  Liberator  
  31  3:25  SCV  
  31  3:26  Supply Depot  
  35  3:28  Reaper  
  36  3:37  SCV  
  36  3:39  Hellion  
  39  3:50  SCV  
  39  3:51  Supply Depot  
  40  4:04  SCV  
  40  4:07  Starport Tech Lab  
  41  4:11  Barracks Reactor  
  41  4:12  Factory Tech Lab  
  41  4:16  SCV  
  42  4:20  Command Center  
  40  4:39  SCV  
  41  4:51  SCV  
  38  5:14  SCV  
  38  5:19  Command Center  
Tags
 
Add a new tag
Caveats
  • Supply blocks, unpowered buildings, or Contaminate may cause inaccurate times.
  • Supply counts are checked every 10 seconds.